 Dungeon Crawl Stone Soup version 0.28.0 (webtiles) character file.

Game seed: 17043818782360176171

2 hikkokomori the Covered (level 1, 3/10 HPs)
             Began as a Gargoyle Wanderer on Feb 17, 2022.
             Quit the game on level 1 of the Dungeon.
             The game lasted 00:00:27 (83 turns).

hikkokomori the Covered (Gargoyle Wanderer)           Turns: 83, Time: 00:00:27

Health: 3/10       AC:  8    Str: 18    XL:     1   Next: 40%
Magic:  2/2        EV: 10    Int: 13    God:
Gold:   0          SH:  0    Dex:  5    Spells: 2/2 levels left

rFire   . . .      SeeInvis .   a - +0 shortbow
rCold   . . .      Faith    .   (shield currently unavailable)
rNeg    + . .      Spirit   .   c - +0 ring mail
rPois   ∞          Reflect  .   (no helmet)
rElec   +          Harm     .   (no cloak)
rCorr   .          Rampage  .   (no gloves)
Will    .....                   (no boots)
Stlth   ..........              (no amulet)
HPRegen 0.03/turn               (no ring)
MPRegen 0.08/turn               (no ring)

@: no status effects
A: sickness immunity, AC +2, negative energy resistance 1, electricity
resistance, torment resistance 1, petrification resistance
a: no special abilities


You were on level 1 of the Dungeon.
You visited 1 branch of the dungeon, and saw 1 of its levels.

Inventory:

Hand Weapons
 a - a +0 shortbow (weapon)
Missiles
 b - 16 arrows (quivered ammo)
Armour
 c - a +0 ring mail (worn)
Scrolls
 d - a scroll of noise {unknown}
 e - a scroll of immolation {unknown}


   Skills:
 + Level 3.0 Bows
 + Level 3.3 Armour
 + Level 1.0 Spellcasting
 + Level 2.4 Necromancy


You had 2 spell levels left.
You didn't know any spells.
Your spell library contained the following spells:

 Spells                   Type           Power      Damage    Failure   Level
 Animate Skeleton         Necr           14%        N/A       19%         1
 Pain                     Necr           28%        1d5       19%         1
 Vampiric Draining        Necr           7%         2d6       47%         3
 Animate Dead             Necr           3%         N/A       87%         4


Dungeon Overview and Level Annotations

Branches:
Dungeon (1/15)

Altars:


Innate Abilities, Weirdness & Mutations

You are immune to sickness and miasma.
Your stone body is resilient. (AC +2)
You are immune to poison.
You resist negative energy. (rN+)
You are resistant to electric shocks. (rElec)
You are resistant to unholy torment.
You are immune to petrification.


Message History

You add the spell Vampiric Draining to your library.
Found a stone staircase leading down.
A kobold, an endoplasm and a hobgoblin come into view.
The kobold shouts!
The endoplasm quivers.
The hobgoblin shouts!
A rat comes into view.
There are monsters nearby!
There are monsters nearby!
You shoot an arrow. The arrow barely misses the rat.
You shoot an arrow. The arrow hits the rat!
You kill the rat!
You shoot an arrow. The arrow barely misses the kobold.
A goblin comes into view. It is wielding a +0 dagger.
You shoot an arrow. The arrow misses the kobold.
The endoplasm freezes you.
You are frozen.
You shoot an arrow. The arrow hits the endoplasm.
The endoplasm is moderately wounded.
The endoplasm closely misses you.
You shoot an arrow. The arrow hits the endoplasm!
You kill the endoplasm!
You shoot an arrow. The arrow closely misses the kobold.
The arrow closely misses the goblin.
The hobgoblin closely misses you. The kobold hits you with a +0 whip.
Ouch! That really hurt!
* * * LOW HITPOINT WARNING * * *
You are too injured to fight recklessly!
You are too injured to fight recklessly!
You are too injured to fight recklessly!
You are too injured to fight recklessly!
You are too injured to fight recklessly!
There are monsters nearby!
There are monsters nearby!
You are too injured to fight recklessly!
There are monsters nearby!
You are too injured to fight recklessly!
There are monsters nearby!
You are too injured to fight recklessly!
Are you sure you want to abandon this character and quit the game? (Confirm with "yes".)

#.#(.# .. #.#..# ...#
##(#..##...# (.........
(......### ##..
.g......#
#...##K#...#.##
....##@g....... ##
...........##.##. ..[
.................
.#..###.##.#.#.#...#.
....###.##.#.#.# ....
#......#...######.######
#.........##≈≈≈≈♣≈♣≈≈≈≈#
#..##..##.##≈.P.....P.≈#
#..##.##≈PPP...PPP≈#


You could see a hobgoblin, a goblin and a kobold.

Vanquished Creatures
  An endoplasm (D:1)
  A frilled lizard (D:1)
  A rat (D:1)
3 creatures vanquished.

Notes
Turn   | Place    | Note
-------+----------+-------------------------------------------
     0 | D:1      | hikkokomori the Gargoyle Wanderer began the quest for the
                  | Orb.
     0 | D:1      | hikkokomori set off with the following items: a +0
                  | shortbow, 23 arrows, a +0 ring mail; and the following
                  | spells available to memorise: Animate Skeleton, Pain,
                  | Animate Dead
     0 | D:1      | Reached XP level 1. HP: 10/10 MP: 2/2
    83 | D:1      | Quit the game

Illustrated notes

Levels and vault maps discovered:
D:1:      ldierk_walled_garden, layout_loops_ring, chequers_arboretum

Action                   || total
-------------------------++-------
 Fire: Shortbow          ||     8
Dodge: Dodged            ||     2
